 Dungeon Crawl Stone Soup version 0.31.0-11-ge490571c62 (webtiles) character file.

Game seed: 1779270871967806026

178 Killerpretzel the Changeling (level 5, -1/35 HPs)
             Began as an Octopode Shapeshifter on Feb 9, 2024.
             Succumbed to an adder's poison
             ... on level 4 of the Dungeon.
             The game lasted 00:06:14 (2330 turns).

Killerpretzel the Changeling (OpSh)                 Turns: 2330, Time: 00:06:14

Health: -1/35      AC:  1    Str: 13    XL:     5   Next: 58%
Magic:  1/5        EV: 13    Int: 13    God:
Gold:   143        SH:  0    Dex: 13    Spells: 4/4 levels left

rFire   . .          .
                       - Unarmed
rCold   . . .        (no shield)
rNeg    . . .        (helmet currently unavailable)
rPois   .            k - amulet of guardian spirit
rElec   .            (no ring)
rCorr   .            (no ring)
SInv    .            (no ring)
Will    .....        (no ring)
Stlth   ++           (no ring)
HPRegen 0.25/turn    (no ring)
MPRegen 0.09/turn    (no ring)
                     (no ring)

%: guardian spirit
@: lethally poisoned (-1 -> -6), beast-form, studying Necromancy
A: beast (slay +2), almost no armour, amphibious, 8 rings, camouflage 1,
gelatinous body 1, (nimble swimmer 1), tentacles
a: Begin Untransformation


You were on level 4 of the Dungeon.
You were a hulking beast.
You visited 1 branch of the dungeon, and saw 4 of its levels.

You collected 143 gold pieces.

Inventory:

Jewellery
 k - an amulet of guardian spirit (around mantle)
Talismans
 b - a beast talisman
 c - a flux talisman
 m - a serpent talisman
Wands
 i - a wand of flame (19)
Scrolls
 j - a scroll of identify
Potions
 a - a potion of lignification
 d - a potion of might
 e - a potion of heal wounds {unknown}
 f - a potion of haste
 g - a potion of degeneration {unknown}
 h - a potion of brilliance {unknown}
 l - a potion of curing {unknown}


   Skills:
 + Level 2.4 Fighting
 + Level 3.0 Dodging
 + Level 3.7 Unarmed Combat
 * Level 4.2 Shapeshifting


You had 4 spell levels left.
You didn't know any spells.
Your spell library contained the following spells:

 Spells                   Type           Power      Damage    Failure   Level
 Apportation              Tloc           0%         N/A       30%         1
 Necrotise                Necr           0%         1d4       30%         1
 Shock                    Conj/Air       0%         1d3       30%         1
 Sting                    Conj/Alch      0%         1d3       30%         1
 Summon Small Mammal      Summ           0%         N/A       30%         1
 Swiftness                Air            0%         N/A       67%         3
 Airstrike                Air            0%         2d(0-16)  97%         4


Dungeon Overview and Level Annotations

Branches:
Dungeon (4/15)
 Temple: D:4-7

Altars:
Okawaru
Zin

Shops:
D:1 (


Innate Abilities, Weirdness & Mutations

You are a hulking beast.
Your limbs bulge with bestial killing power. (Slay +2)
You cannot wear most types of armour.
You are amphibious.
You can wear up to eight rings at the same time.
Your skin changes colour to match your surroundings (Stealth+).
Your rubbery body absorbs attacks. (AC +1, EV +1)
((You are camouflaged when in or above water. (Stealth+)))
You have tentacles for arms and can constrict up to eight enemies at once.


Message History

You barely miss the adder. Your grab misses the adder.
Your squeeze misses the adder.
You feel sick. The adder bites you but does no damage.
You closely miss the adder. Your grab misses the adder.
You feel sick. The adder bites you. The adder misses you.
You bludgeon the adder! Your grab misses the adder.
Your squeeze misses the adder.
The adder is severely wounded.
The adder barely misses you.
You feel sick. The adder attacks as it pursues you! The adder bites you.
You are more poisoned.
The adder poisons you!
You feel sick. The adder attacks as it pursues you!
The adder closely misses you.
You feel sick.
You feel sick.
You miss the adder. Your grab misses the adder. Your squeeze misses the adder.
The adder is severely wounded.
You feel sick. The adder closely misses you. The adder barely misses you.
You miss the adder. You grab the adder.
The adder is severely wounded.
You constrict the adder.
You feel sick. The adder bites you.
* * * LOW HITPOINT WARNING * * *
You are lethally poisoned!
The adder poisons you! The scorpion misses you.
You tentacle-slap the adder.
You kill the adder!
* * * LOW HITPOINT WARNING * * *
You feel sick. The scorpion barely misses you.
You are too injured to fight recklessly!
You are too injured to fight recklessly!
You barely miss the scorpion. You grab the scorpion. You squeeze the scorpion.
The scorpion is lightly wounded.
You constrict the scorpion.
* * * LOW HITPOINT WARNING * * *
You feel sick. The scorpion stings you.
* * * LOW HITPOINT WARNING * * *
You bludgeon the scorpion! You squeeze the scorpion!
You kill the scorpion!
You die...

##### #...## . ...
#....# .###
#.#.#####....# ....
#.#..........####
#...#.########......##
#...#.#..............#
.#.#
#...#.#.#####...†....#
##.#.# #........#
#..hw....# ......
#........# #.######.#
....# #...#.##.####.#
#.#####....#
#..†#.##......#
#.w...w...###
#...#.#########
######..........
#...<........
.................
##.#.#.#######
#######......!...
.....#.#
#.h...........#
....##.#
#.#############


You could see a ribbon worm.

Vanquished Creatures
  A scorpion (D:4)
  Natasha (thrice) (D:3)
  5 adders
  2 dart slugs (D:2)
  A ribbon worm (D:2)
  4 ball pythons
  8 bats
  6 endoplasms
  3 giant cockroaches
  4 goblins
  4 hobgoblins
  6 kobolds
  2 quokkas
  4 frilled lizards
  4 rats
57 creatures vanquished.

Notes
Turn   | Place    | Note
-------+----------+-------------------------------------------
     0 | D:1      | Killerpretzel the Octopode Shapeshifter began the quest for
                  | the Orb.
     0 | D:1      | Reached XP level 1. HP: 13/13 MP: 1/1
    66 | D:1      | Found Ysoloukk's Antique Weapon Shoppe.
   323 | D:1      | Reached XP level 2. HP: 17/18 MP: 2/2
   999 | D:2      | Reached XP level 3. HP: 23/23 MP: 3/3
  1350 | D:2      | Reached XP level 4. HP: 24/29 MP: 4/4
  1683 | D:3      | Noticed Natasha
  1687 | D:3      | Killed Natasha
  1869 | D:3      | Found an iron altar of Okawaru.
  1922 | D:3      | Noticed Natasha
  1931 | D:3      | Killed Natasha
  1932 | D:3      | Reached skill level 4 in Shapeshifting
  1932 | D:3      | Reached XP level 5. HP: 29/34 MP: 2/5
  1940 | D:3      | Noticed Natasha
  1945 | D:3      | Killed Natasha
  1983 | D:3      | Found a glowing silver altar of Zin.
  2309 | D:4      | Noticed a black bear
  2329 | D:4      | HP: 1/35 [scorpion (3)]
  2330 | D:4      | Succumbed to an adder's poison

Illustrated notes

Levels and vault maps discovered:
D:1:      dpeg_arrival_three_bigger_balls, layout_loops_ring, serial_shops,
          shop, hex_tiny, minmay_cut_off
D:2:      layout_basic
D:3:      layout_rooms, mainiacjoe_overflow_brackets,
          mainiacjoe_overflow_surrounded_room, uniq_natasha
D:4:      layout_basic, uniq_blork_the_orc

Skill      XL: |  1  2  3  4  5 |
---------------+----------------+-----
Fighting       | 2 |  2.4
Shapeshifting  | 4 |  4.2
Dodging        | 3 |  3.0
Unarmed Combat | |  3.7

Action                     |  1- 3 |  4- 6 || total
---------------------------+-------+-------++-------
  Melee: Unarmed           |    66 |    52 ||   118
         Constrict         |    20 |    12 ||    32
         Tentacles         |    13 |    10 ||    23
         Punch             |     3 |       ||     3
    Use: Scroll            |       |     3 ||     3
   Stab: Sleeping          |     6 |     4 ||    10
         Distracted        |       |     2 ||     2
 Armour: Skin              |    26 |    23 ||    49
  Dodge: Dodged            |    35 |    26 ||    61
